 Dungeon Crawl Stone Soup version 0.22-a0-362-g535178c (webtiles) character file.

508228 iamserjio the Sensei (level 25, -9/296 HPs)
             Began as a Naga Transmuter on Apr 20, 2018.
             Was a High Priest of Okawaru.
             Mangled by a caustic shrike (21 damage)
             ... on level 5 of the Depths.
             The game lasted 08:14:01 (86349 turns).

iamserjio the Sensei (Naga Transmuter)             Turns: 86349, Time: 08:14:02

Health: -9/296     AC:  1    Str: 15 (16) XL:     25   Next: 4%
Magic:  30/36      EV: 27    Int: 15      God:    Okawaru [*****.]
Gold:   3830       SH:  0    Dex: 21 (22) Spells: 6/42 levels left

rFire    + + +     SeeInvis +     - Unarmed
rCold    + . .     Gourm    .   (shield currently unavailable)
rNeg     . . .     Faith    .   (armour currently unavailable)
rPois    +         Spirit   .   (helmet currently unavailable)
rElec    +         Reflect  .   (cloak currently unavailable)
rCorr    .         Harm     .   (gloves currently unavailable)
MR       ++++.     Rnd*Tele +   (no barding)
Stlth    ++++......             E - amulet of regeneration
HPRegen  0.99/turn              U - ring "Cocukk" {EV+4 Str+3 Int-2 Dex+6 Stlth-}
MPRegen  0.25/turn              Y - ring of Uskayaw's Delight {*Corrode rElec rF+++ rC+ Stlth-}

@: hydra-form, heroism, flayed, corroded
A: very large, see invisible, blink, clumsy 1, deterioration 1, frail 1, magic
resistance 1, slow metabolism 1, spit poison 1, teleportitis 2, weak 1, AC +8
}: 3/15 runes: barnacled, slimy, gossamer
a: Spit Poison, End Transformation, Blink, Heroism, Finesse, Renounce Religion


You were on level 5 of the Depths.
You worshipped Okawaru.
Okawaru was extremely pleased with you.
You were not hungry.
You were a seven-headed hydra.
You visited 10 branches of the dungeon, and saw 49 of its levels.
You also visited: Labyrinth and Ice Cave.

You collected 6741 gold pieces.
You spent 2911 gold pieces at shops.

Inventory:

Missiles
 Q - 21 arrows
Armour
 c - a +2 naga barding of fire resistance
 h - a +1 buckler of reflection (melded)
 t - the +7 swamp dragon scales of the Disturbing Suns (melded) {rPois rC+ rCorr Stlth+}
   (You found it on level 4 of the Vaults)

   It protects you from cold.
   It protects you from poison.
   It protects you from acid and corrosion.
   It makes you more stealthy.
 G - a +0 naga barding of cold resistance (melded)
 H - a +2 helmet of intelligence (melded)
 I - the +0 naga barding of the Orcish Mines {rN+}
   (Okawaru gifted it to you on level 4 of the Spider Nest)

   It protects you from negative energy.
 N - a +2 cloak (melded)
 S - the +1 pair of gloves "Ipreox" (melded) {Str+3}
   (You found it on level 1 of the Depths)

   It affects your strength (+3).
 Z - the +8 chain mail of Mysticism {MR+ rCorr}
   (Okawaru gifted it to you on level 3 of the Elven Halls)

   It affects your resistance to hostile enchantments.
   It protects you from acid and corrosion.
Jewellery
 j - a +5 ring of protection
 E - an amulet of regeneration (around neck)
 K - an uncursed ring of wizardry
 M - an uncursed ring of protection from magic
 U - the ring "Cocukk" (left foreclaw) {EV+4 Str+3 Int-2 Dex+6 Stlth-}
   (You found it on level 3 of the Depths)

   [ring of evasion]

   It affects your evasion (+4).
   It affects your strength (+3).
   It affects your intelligence (-2).
   It affects your dexterity (+6).
   It makes you less stealthy.
 W - an uncursed ring of positive energy
 Y - the ring of Uskayaw's Delight (right foreclaw) {*Corrode rElec rF+++ rC+ Stlth-}
   (You took it off a deep elf annihilator on level 3 of the Elven Halls)

   [ring of protection from cold]

   It renders you almost immune to fire.
   It protects you from cold.
   It insulates you from electricity.
   It may corrode you when you take damage.
   It makes you less stealthy.
Wands
 q - a wand of scattershot (8)
 s - a wand of acid (24)
 z - a wand of digging (40)
 J - a wand of clouds (10)
 P - a wand of iceblast (14)
Scrolls
 b - a scroll of identify
 e - 5 scrolls of remove curse
 o - 12 scrolls of amnesia
 r - 4 scrolls of immolation
 u - 9 scrolls of teleportation
 y - 2 scrolls of summoning
 B - 5 scrolls of holy word
 C - 3 scrolls of magic mapping
 F - 2 scrolls of fog
 L - a scroll of silence
 O - 5 scrolls of fear
Potions
 g - 6 potions of magic
 i - 3 potions of ambrosia
 k - 4 potions of resistance
 l - 3 potions of lignification
 m - 3 potions of brilliance
 n - 2 potions of haste
 p - 3 potions of agility
 v - 4 potions of might
 x - 5 potions of invisibility
 A - 2 potions of cancellation
 R - a potion of flight
 V - 4 potions of curing
Miscellaneous
 f - a phial of floods
 w - a fan of gales
 D - a phantom mirror
Comestibles
 d - 52 rations


   Skills:
 * Level 20.7(25.7) Fighting
 - Level 14.4(19.4) Dodging
 - Level 9.0(14.0) Stealth
 - Level 4.0(9.0) Shields
 - Level 23.8(27) Unarmed Combat
 - Level 9.0 Spellcasting
 - Level 4.0 Hexes
 - Level 5.0 Translocations
 - Level 17.1 Transmutations
 - Level 8.1 Invocations


You had 6 spell levels left.
You knew the following spells:

 Your Spells              Type           Power        Failure   Level  Hunger
a - Beastly Appendage     Tmut           ######       0%          1    None
b - Sticks to Snakes      Tmut           ######..     0%          2    None
c - Spider Form           Tmut/Pois      ####......   1%          3    #......
d - Blade Hands           Tmut           ######....   1%          5    #####..
e - Blink                 Tloc           N/A          1%          2    None
f - Hydra Form            Tmut           ######....   1%          6    ######.
g - Confusing Touch       Hex            ###...       1%          1    None
h - Gell's Gravitas       Tloc           ###.......   4%          3    #......
i - Confuse               Hex            ###.....     6%          3    #......
j - Yara's Violent Unrav  Hex/Tmut       #####.....   3%          5    #####..
k - Lesser Beckoning      Tloc           ###.......   4%          3    #......
l - Swiftness             Chrm/Air       #.......     16%         2    None


Dungeon Overview and Level Annotations

Branches:
Dungeon (15/15)            Temple (1/1) D:4            Lair (6/6) D:11
 Shoals (4/4) Lair:2       Spider (4/4) Lair:3        Slime (5/5) Lair:6
    Orc (2/2) D:9             Elf (3/3) Orc:2        Vaults (4/5) D:14
  Crypt (0/3) Vaults:2     Depths (5/5) D:15
    Zot: Depths:5

Altars:
Ashenzari
Cheibriados
Dithmenos
Elyvilon
Fedhas
Gozag
Hepliaklqana
Kikubaaqudgha
Makhleb
Nemelex Xobeh
Okawaru
Qazlal
Ru
Sif Muna
Uskayaw
Wu Jian
Xom
Yredelemnul
Zin
The Shining One
Beogh
Jiyva

Shops:
D:5 %   Orc:1 *   Orc:2 }%([   Elf:1 }   Elf:3 ?   Vaults:2 =([}   Vaults:3 !
Depths:2 %

Portals:
Hell: Depths:1 Depths:2 Depths:3 Depths:4
Abyss: Depths:2 Depths:3 Depths:4
Pandemonium: Depths:1 Depths:2 Depths:3
Ziggurat: Depths:2
Trove: Vaults:3 (give 19 potions of curing)

Annotations:
D:3 1 transporter
D:4 Totori's ghost, novice HOCK


Innate Abilities, Weirdness & Mutations

You cannot wear boots.
((Your serpentine skin is tough. (AC +8)))
You have supernaturally acute eyesight. (SInv)
((Armour fits poorly on your strangely shaped body.))
((Your system is resistant to poisons. (rPois)))
((You cover ground very slowly.))
You have a slow metabolism.
You can spit poison.
((You can use your snake-like lower body to constrict enemies.))
You can translocate small distances at will.
You are clumsy. (Dex -2)
Your body sometimes deteriorates upon taking damage.
You are frail. (-10% HP)
You are resistant to hostile enchantments. (MR+)
((You are resistant to electric shocks. (rElec)))
You are sometimes teleported next to monsters.
You are weak. (Str -2)


Message History

* * * LOW HITPOINT WARNING * * *
The acid corrodes you!
You are splashed with acid!
The acid burns!
* * * LOW HITPOINT WARNING * * *
The caustic shrike completely misses you. x2
The caustic shrike misses you. The caustic shrike claws you!!
* * * LOW HITPOINT WARNING * * *
You are splashed with acid!
The acid burns!
* * * LOW HITPOINT WARNING * * *
Unknown command.
Press: ? - help, v - describe, . - travel
Here: a caustic shrike The floor, spattered with blood.
You feel much better. The caustic shrike misses you. x2
The caustic shrike claws you!
* * * LOW HITPOINT WARNING * * *
Your corrosive artefact corrodes you!
You are splashed with acid!
The acid burns!
* * * LOW HITPOINT WARNING * * *
The caustic shrike claws you!!
You die...

§....#.....≈≈.....§.§.
..........§§§.[....§..
..........§§..........
....[....§§...........
#........≈≈.$........
#..<.≈§≈C(W...)...
##..≈≈≈≈§(....##..
###...≈≈bbCC......
#.......Db.≈§§...(.
#........bb≈≈§§≈≈...
##......##.≈≈§§§§..≈
##.######.§§§≈§§..≈ ##
....≈≈§§§§ ..§§.≈≈.§≈
####.≈§§?§. .§≈≈≈§


You could see 5 caustic shrikes, a frost giant, a stone giant, an ettin and a
flayed ghost.

Vanquished Creatures
  Dissolution (Slime:2)
  the Royal Jelly (Slime:5)
  3 juggernauts (Depths:4)
  Saint Roka (Orc:2)
  Bai Suzhen (Vaults:2)
  A caustic shrike (Depths:4)
  3 golden dragons
  3 liches
  Jorgrun (Depths:3)
  4 tentacled monstrosities
  3 deep elf blademasters
  2 deep elf master archers (Elf:3)
  18 acid blobs
  Asterion (Depths:3)
  Frances (D:14)
  3 tengu reavers
  Kirke (Lair:6)
  2 sphinxes (Depths:4)
  A storm dragon (Depths:4)
  14 azure jellies
  6 fire giants
  Ilsuiw (Shoals:4)
  7 frost giants
  Louise (Depths:2)
  An iron dragon (Depths:4)
  6 deep elf sorcerers
  A balrug (Depths:1)
  6 vault wardens
  5 ghost moths
  An emperor scorpion (Spider:4)
  7 deep elf elementalists (Elf:3)
  A spriggan defender (Depths:3)
  2 entropy weavers
  2 caustic shrike skeletons (Depths:4)
  7 stone giants
  4 vampire knights
  10 very ugly things
  11 ironheart preservers
  6 deep elf demonologists
  13 deep elf annihilators
  9 spark wasps
  6 death oozes
  A minotaur (Lab)
  6 merfolk impalers
  14 deep elf death magi
  6 ettins
  7 merfolk javelineers
  8 ogre magi
  7 yaktaur captains
  12 great orbs of eyes
  A deep elf high priest (Elf:3)
  12 fire dragons
  7 rakshasas
  Fannar (D:10)
  Josephine (Spider:1)
  4 vault guards
  11 ice dragons
  8 centaur warriors
  3 merfolk avatars
  9 hydras
  11 merfolk aquamancers
  4 spriggan air magi
  Erica (Orc:1)
  18 two-headed ogres
  27 dancing weapons
  2 death knights (D:15)
  An anaconda (Lair:6)
  An alligator snapping turtle (Shoals:3)
  4 deep troll earth magi (Depths:4)
  2 deep troll shamans (Depths:4)
  9 satyrs
  4 orc high priests
  A vampire mage (Depths:4)
  2 tengu warriors
  A titan skeleton (Depths:1)
  2 spriggan berserkers (Depths:4)
  2 hell knights (Depths:4)
  11 deep elf knights
  A storm dragon zombie (Vaults:4)
  A large abomination (Elf:3)
  2 sun demons (Depths:1)
  A shadow wraith (Vaults:3)
  A spark wasp zombie (Depths:5)
  A golden dragon zombie (Depths:2)
  13 sea snakes
  2 flayed ghosts
  2 deep trolls
  A torturous demonspawn (Depths:1)
  A swamp dragon (Lair:6)
  9 wizards
  3 glowing orange brains
  5 unseen horrors
  7 necromancers
  A shadow dragon zombie (Vaults:4)
  12 deep elf archers
  61 deep elf magi
  10 ironbrand convokers
  25 harpies
  A swamp dragon (shapeshifter) (Depths:1)
  13 orb spiders
  Pikel (D:5)
  6 phantasmal warriors
  A wolf spider (shapeshifter) (Vaults:4)
  29 ugly things
  A frost giant zombie (Depths:1)
  25 wolf spiders
  7 shining eyes
  11 orc knights
  7 orc sorcerers
  38 fauns
  4 cyclopes
  2 tengu skeletons
  2 moths of wrath (Spider:4)
  A guardian serpent (shapeshifter) (D:15)
  14 manticores
  A stone giant skeleton (Depths:2)
  9 merfolk sirens
  Maurice (D:9)
  A human skeleton (Vaults:4)
  A fire giant skeleton (Vaults:4)
  6 black mambas
  8 water nymphs
  2 eyes of devastation
  An ice statue (IceCv)
  A frost giant skeleton (Vaults:4)
  2 torpor snails
  A rust devil (Depths:2)
  Joseph (D:8)
  9 vault sentinels
  8 elephants
  3 kobold demonologists
  A storm dragon simulacrum (Depths:3)
  An elf skeleton (Depths:3)
  9 komodo dragons
  6 spiny frogs
  10 demonic crawlers
  3 ice devils
  35 yaktaurs
  A tormentor (Depths:2)
  A hellwing (Depths:2)
  4 rime drakes
  6 freezing wraiths
  A queen bee (Spider:4)
  A red devil (Depths:1)
  11 trolls
  8 wind drakes
  A tengu conjurer (Depths:1)
  3 merfolk (shapeshifter)
  A troll (shapeshifter) (Vaults:2)
  3 meliai (Spider:4)
  A polar bear (shapeshifter) (Vaults:2)
  24 jumping spiders
  8 hornets
  27 polar bears
  2 raiju (Lair:6)
  2 spriggan zombies
  A blink frog (shapeshifter) (Vaults:1)
  33 merfolk
  13 blink frogs
  10 snapping turtles
  2 wind drakes (shapeshifter)
  90 slime creatures
  19 hippogriffs
  5 air elementals
  4 dream sheep (Shoals:4)
  A centaur simulacrum (D:15)
  71 redbacks
  3 yaks (shapeshifter)
  3 shadows
  2 spriggans (shapeshifter)
  A spriggan (Depths:4)
  24 tarantellas
  10 wraiths
  30 yaks
  A vampire (D:13)
  3 wyverns
  3 hogs (D:7)
  An elf zombie (Depths:3)
  A fire bat (shapeshifter) (Elf:1)
  10 golden eyes
  22 water elementals
  20 humans
  6 basilisks
  A human (shapeshifter) (Depths:4)
  3 fire elementals
  2 steam dragons (Lair:6)
  2 hungry ghosts
  A neqoxec (Depths:2)
  6 vampire mosquitoes
  18 wargs
  Edmund (D:5)
  A soldier ant (D:15)
  A warg (shapeshifter) (Depths:4)
  11 hell hounds (Lair:6)
  Duvessa (D:6)
  3 acid dragons
  A swamp drake (Lair:6)
  8 porcupines
  19 water moccasins
  5 floating eyes
  52 orc warriors
  16 ice beasts
  A slave (D:5)
  A black bear (shapeshifter) (D:15)
  4 eyes of draining
  25 ogres
  A phantom (D:12)
  15 black bears
  A sky beast (D:14)
  A fire dragon simulacrum (Depths:1)
  27 wolves
  13 boggarts
  25 centaurs
  14 crocodiles
  2 big kobolds (D:12)
  19 bullfrogs
  An earth elemental (Elf:2)
  Dowan (D:6)
  A wyvern skeleton (D:7)
  A tengu zombie (Depths:1)
  4 scorpions
  53 killer bees
  A killer bee (shapeshifter) (Elf:1)
  4 wights (D:9)
  3 electric eels (Lair:3)
  2 centaur zombies
  11 crimson imps
  3 bullfrog zombies
  9 hounds
  6 quasits
  2 bullfrog skeletons
  A gnoll shaman (D:4)
  22 orc priests
  Ijyb (D:5)
  4 centaur skeletons
  8 jellies
  49 orc wizards
  2 iron imps
  2 iguanas (D:11)
  16 worker ants
  A killer bee zombie (D:8)
  2 bullfrog simulacra (D:12)
  3 hound zombies
  A hound skeleton (D:11)
  3 worker ant zombies
  A howler monkey skeleton (D:9)
  A howler monkey zombie (D:11)
  10 adders
  10 gnolls
  10 shadow imps
  7 white imps
  3 ufetubi
  5 oozes
  2 adder skeletons
  6 worms
  3 dart slugs
  5 leopard geckos
  130 orcs
  8 bats
  5 giant cockroaches
  10 goblins
  7 hobgoblins
  12 jackals
  12 kobolds
  3 quokkas
  4 ball pythons
  7 frilled lizards
  A leopard gecko skeleton (D:5)
  8 rats
  8 plants
2131 creatures vanquished.

Vanquished Creatures (collateral kills)
  A hippogriff (Lair:6)
  An orc (Orc:1)
2 creatures vanquished.

Vanquished Creatures (others)
  A satyr (Shoals:4)
  2 deep elf magi (Elf:1)
  A jumping spider (Spider:2)
  A slime creature (Slime:1)
  A water elemental (Shoals:1)
  6 humans (Lair:6)
  2 hell hounds (Lair:6)
  A slave (D:5)
  An ogre (Vaults:4)
  An orc wizard (D:5)
  An orc (Orc:1)
  2 bushes (Lair:5)
  13 fungi
  94 plants
  10 tentacles (Shoals:1)
137 creatures vanquished.

Grand Total: 2270 creatures vanquished

Notes
Turn   | Place    | Note
-------+----------+-------------------------------------------
     0 | D:1      | iamserjio the Naga Transmuter began the quest for the Orb.
     0 | D:1      | Reached XP level 1. HP: 18/18 MP: 3/3
   229 | D:1      | Reached skill level 1 in Stealth
   249 | D:1      | Reached XP level 2. HP: 21/25 MP: 5/5
   554 | D:1      | Reached XP level 3. HP: 30/31 MP: 6/6
   865 | D:1      | Reached skill level 4 in Unarmed Combat
  1259 | D:2      | Reached XP level 4. HP: 38/38 MP: 7/7
  1787 | D:2      | Found a basalt altar of Yredelemnul.
  2204 | D:2      | Reached XP level 5. HP: 44/44 MP: 8/8
  3062 | D:3      | Reached skill level 5 in Unarmed Combat
  3172 | D:3      | Found an ancient bone altar of Kikubaaqudgha.
  3511 | D:3      | Found a sparkling altar of Nemelex Xobeh.
  3511 | D:3      | Found a transporter.
  3511 | D:3      | Noticed a deep elf mage
  3511 | D:3      | Noticed a phantom
  4121 | D:3      | Learned a level 2 spell: Sticks to Snakes
  4382 | D:4      | Noticed Totori's ghost (novice HOCK)
  4405 | D:4      | Found a staircase to the Ecumenical Temple.
  4418 | Temple   | Entered the Ecumenical Temple
  4501 | Temple   | Became a worshipper of Warmaster Okawaru
  4614 | D:4      | Reached XP level 6. HP: 43/51 MP: 9/9
  4930 | Temple   | Learned a level 3 spell: Spider Form
  4939 | D:4      | Reached skill level 5 in Stealth
  5905 | D:4      | Reached XP level 7. HP: 41/57 MP: 10/10
  6134 | D:4      | Reached * piety under Okawaru
  6292 | D:5      | Entered Level 5 of the Dungeon
  6313 | D:5      | Found a shadowy altar of Dithmenos.
  6327 | D:5      | Reached skill level 1 in Invocations
  6402 | D:5      | Reached skill level 5 in Transmutations
  6627 | D:5      | Found an ornate altar of the Wu Jian Council.
  6634 | D:5      | Noticed Ijyb
  6775 | D:5      | Killed Ijyb
  6839 | D:5      | Found Tamanul's Food Boutique.
  6949 | D:5      | Noticed Pikel
  6966 | D:5      | Killed Pikel
  6966 | D:5      | Reached ** piety under Okawaru
  6966 | D:5      | Reached skill level 6 in Unarmed Combat
  6966 | D:5      | Reached XP level 8. HP: 21/64 MP: 9/11
  7229 | D:5      | Noticed Edmund
  7247 | D:5      | Killed Edmund
  7297 | D:5      | Reached skill level 7 in Unarmed Combat
  7878 | D:6      | Noticed Duvessa
  7984 | D:6      | Killed Duvessa
  7985 | D:6      | Noticed Dowan
  8022 | D:6      | Killed Dowan
  8022 | D:6      | Reached XP level 9. HP: 62/70 MP: 7/13
  8120 | D:6      | Found a hazy altar of Hepliaklqana.
  8189 | D:6      | Reached *** piety under Okawaru
  8631 | D:6      | Found a snail-covered altar of Cheibriados.
  8631 | D:6      | Found a blossoming altar of Fedhas.
  8961 | D:7      | Found a shattered altar of Ashenzari.
  9175 | D:7      | Reached skill level 8 in Unarmed Combat
  9464 | D:7      | Reached skill level 1 in Shields
  9991 | D:7      | Found a sparkling altar of Nemelex Xobeh.
  9991 | D:7      | Noticed a deep elf mage
  9999 | D:7      | Killed a deep elf mage
  9999 | D:7      | Reached **** piety under Okawaru
  9999 | D:7      | Reached skill level 5 in Spellcasting
  9999 | D:7      | Reached XP level 10. HP: 53/78 MP: 12/17
 10553 | D:7      | Learned a level 5 spell: Blade Hands
 10772 | D:8      | Noticed Joseph
 10963 | D:8      | Got a slimy scale mail
 11016 | D:8      | Found a stormy altar of Qazlal.
 11045 | D:8      | Reached skill level 9 in Unarmed Combat
 11449 | D:8      | Killed Joseph
 11491 | D:8      | Received a gift from Okawaru
 13074 | D:9      | Identified the +2 scale mail "Cezxih" {Str+4} (You found it on level 8 of the Dungeon)
 13151 | D:9      | Received a gift from Okawaru
 13193 | D:9      | Reached skill level 10 in Unarmed Combat
 13725 | D:9      | Noticed Maurice
 13745 | D:9      | Killed Maurice
 14227 | D:9      | Found a staircase to the Orcish Mines.
 14538 | D:10     | Entered Level 10 of the Dungeon
 14596 | D:10     | Reached XP level 11. HP: 43/86 MP: 13/18
 14600 | D:10     | Found a stormy altar of Qazlal.
 15787 | D:10     | Noticed a two-headed ogre
 15812 | D:10     | Killed a two-headed ogre
 16028 | D:10     | Reached ***** piety under Okawaru
 16598 | D:10     | Noticed a two-headed ogre
 16926 | D:10     | Killed a two-headed ogre
 17133 | D:10     | Noticed Fannar
 17356 | D:10     | Learned a level 2 spell: Blink
 17361 | D:10     | Learned a level 4 spell: Ice Form
 17453 | D:10     | Killed Fannar
 17453 | D:10     | Reached skill level 5 in Fighting
 17594 | D:10     | Reached skill level 1 in Translocations
 17885 | D:11     | Noticed a purple ugly thing
 17990 | D:11     | Noticed a manticore
 18000 | D:10     | Reached skill level 11 in Unarmed Combat
 18144 | D:11     | Received a gift from Okawaru
 18179 | D:11     | Killed a manticore
 18691 | D:11     | Noticed a cyan ugly thing
 19045 | D:11     | Reached skill level 10 in Transmutations
 19066 | D:11     | Killed a cyan ugly thing
 19066 | D:11     | Reached XP level 12. HP: 66/105 MP: 5/19
 19079 | D:11     | Noticed a two-headed ogre
 19331 | D:11     | Killed a two-headed ogre
 19990 | D:11     | Paralysed by a floating eye for 3 turns
 20673 | D:11     | Found a staircase to the Lair.
 21809 | D:12     | Received a gift from Okawaru
 21854 | D:12     | Found a frozen archway.
 21896 | IceCv    | Entered an ice cave
 22346 | IceCv    | Reached skill level 5 in Dodging
 22502 | IceCv    | Reached skill level 12 in Unarmed Combat
 23209 | IceCv    | Gained mutation: You can use your snake-like lower body to constrict enemies. [Naga growth]
 23209 | IceCv    | Reached XP level 13. HP: 74/117 MP: 20/20
 23429 | IceCv    | Noticed a frost giant
 23451 | IceCv    | Killed a frost giant
 23451 | IceCv    | Reached ****** piety under Okawaru
 24292 | D:12     | Received a gift from Okawaru
 25020 | D:12     | Found a shimmering altar of Xom.
 25557 | D:13     | Reached skill level 13 in Unarmed Combat
 26305 | Lair:1   | Entered Level 1 of the Lair of Beasts
 26352 | Lair:1   | Received a gift from Okawaru
 26668 | Lair:1   | Got a coiled tin ring
 27471 | Lair:2   | Learned a level 1 spell: Confusing Touch
 27518 | Lair:2   | Reached skill level 1 in Hexes
 27956 | Lair:2   | Found a staircase to the Shoals.
 28484 | Lair:2   | Identified the ring of Hucuekh {Ice Dex+3} (You found it on level 1 of the Lair of Beasts)
 28491 | Lair:2   | Learned a level 3 spell: Gell's Gravitas
 28511 | Lair:3   | Reached XP level 14. HP: 129/129 MP: 16/21
 28820 | Lair:3   | Found a hole to the Spider Nest.
 29650 | Lair:4   | Reached skill level 5 in Translocations
 29730 | Lair:4   | Received a gift from Okawaru
 30739 | Lair:5   | Found a labyrinth entrance.
 30746 | Lab      | Entered a labyrinth
 31281 | Lab      | Got an ancient leather armour
 31359 | Lair:5   | Identified the +2 leather armour of Hulisub {Regen+ Str+5} (You found it in a labyrinth)
 31467 | Lair:5   | Received a gift from Okawaru
 31576 | Lair:6   | Entered Level 6 of the Lair of Beasts
 32583 | Lair:6   | Reached skill level 14 in Unarmed Combat
 32969 | Lair:6   | Found a runed door.
 32970 | Lair:6   | Found a viscous altar of Jiyva.
 32970 | Lair:6   | Found a staircase to the Slime Pits.
 33460 | Lair:6   | Received a gift from Okawaru
 33515 | Lair:6   | Reached skill level 10 in Fighting
 33520 | Lair:6   | Noticed Kirke
 33522 | Lair:6   | Noticed a sphinx
 33536 | Lair:6   | Killed Kirke
 33539 | Lair:6   | Reached XP level 15. HP: 138/138 MP: 22/22
 33659 | Lair:6   | Received a gift from Okawaru
 34159 | Lair:6   | Reached skill level 15 in Unarmed Combat
 34738 | Orc:1    | Entered Level 1 of the Orcish Mines
 35934 | D:14     | Noticed Frances
 35942 | D:14     | Killed Frances
 36063 | D:14     | Received a gift from Okawaru
 36203 | D:14     | Found a gate to the Vaults.
 37367 | D:15     | Entered Level 15 of the Dungeon
 37699 | D:15     | Received a gift from Okawaru
 38008 | D:15     | Reached XP level 16. HP: 145/150 MP: 23/23
 38026 | D:15     | Found a staircase to the Depths.
 38615 | Orc:1    | Reached skill level 16 in Unarmed Combat
 39119 | Orc:1    | Found Iskoxel's Assorted Antiques.
 39130 | Orc:1    | Bought a scroll of identify for 68 gold pieces
 39130 | Orc:1    | Bought a scroll of identify for 68 gold pieces
 39130 | Orc:1    | Bought a wand of iceblast (4) for 136 gold pieces
 39130 | Orc:1    | Bought a scroll labeled XISTRE POEM for 34 gold pieces
 39130 | Orc:1    | Bought a coral ring for 170 gold pieces
 39219 | Orc:2    | Entered Level 2 of the Orcish Mines
 39235 | Orc:1    | Found a burning altar of Makhleb.
 39280 | Orc:1    | Noticed Erica
 39287 | Orc:1    | Killed Erica
 39666 | Orc:2    | Found a roughly hewn altar of Beogh.
 39737 | Orc:2    | Found a roughly hewn altar of Beogh.
 39762 | Orc:2    | Found a staircase to the Elven Halls.
 39963 | Orc:2    | Found a roughly hewn altar of Beogh.
 39963 | Orc:2    | Found Enaz Fau's Food Emporium.
 40340 | Orc:2    | Received a gift from Okawaru
 40431 | Orc:2    | Found a roughly hewn altar of Beogh.
 40496 | Orc:2    | Found a roughly hewn altar of Beogh.
 40520 | Orc:2    | Found Dodopayh's Gadget Emporium.
 40568 | Orc:2    | Found a roughly hewn altar of Beogh.
 41327 | Orc:2    | Noticed Saint Roka
 41804 | Orc:2    | Killed Saint Roka
 41817 | Orc:2    | Found Vaib's Antique Armour Shoppe.
 42025 | Orc:2    | Found Xepeghil's Antique Weapon Emporium.
 42026 | Orc:2    | Found a roughly hewn altar of Beogh.
 42085 | Orc:2    | Bought a warped leather armour for 203 gold pieces
 42095 | Orc:2    | Identified the cursed +0 leather armour "Leecw" {*Drain +Blink MR+ SInv} (You bought it in a shop on level 2 of the Orcish Mines)
 42217 | Elf:1    | Entered Level 1 of the Elven Halls
 43103 | Elf:1    | Received a gift from Okawaru
 43440 | Elf:1    | Found Ymelueti's Gadget Emporium.
 44118 | Elf:1    | Received a gift from Okawaru
 44121 | Elf:1    | Got a translucent naga barding {god gift}
 44133 | Elf:1    | Identified the +0 naga barding of Okawaru's Regard {Dex+2} (Okawaru gifted it to you on level 1 of the Elven Halls)
 44504 | Elf:2    | Reached skill level 17 in Unarmed Combat
 44725 | Elf:2    | Found a huge runed gate.
 44725 | Elf:2    | Found a huge runed gate.
 44725 | Elf:2    | Found a huge runed gate.
 44734 | Elf:2    | Found a huge runed gate.
 44904 | Elf:2    | Reached XP level 17. HP: 159/159 MP: 19/24
 45464 | Elf:2    | Noticed a deep elf blademaster
 45474 | Elf:2    | Killed a deep elf blademaster
 45474 | Elf:2    | Reached skill level 10 in Dodging
 46116 | Elf:2    | Received a gift from Okawaru
 46136 | Elf:2    | Got a bloodstained hat {god gift}
 46403 | Elf:2    | Identified the +0 hat "Ybofe" {Slay+2} (Okawaru gifted it to you on level 2 of the Elven Halls)
 47122 | Spider:1 | Entered Level 1 of the Spider Nest
 47133 | Spider:1 | Learned a level 3 spell: Confuse
 47739 | Spider:1 | Noticed Josephine
 47747 | Spider:1 | Killed Josephine
 48074 | Spider:1 | Got an ichor-stained triple sword
 48541 | Spider:2 | Reached skill level 18 in Unarmed Combat
 48906 | Spider:2 | Received a gift from Okawaru
 49464 | Spider:2 | Reached XP level 18. HP: 111/171 MP: 25/25
 50045 | Spider:3 | Received a gift from Okawaru
 50061 | Spider:3 | Got an ichor-stained naga barding {god gift}
 50072 | Spider:3 | Identified the +0 naga barding of the Eight Boll Weevils {rC+} (Okawaru gifted it to you on level 3 of the Spider Nest)
 51261 | Spider:4 | Entered Level 4 of the Spider Nest
 52567 | Spider:4 | Reached skill level 15 in Transmutations
 53790 | Spider:4 | Received a gift from Okawaru
 53793 | Spider:4 | Got a slimy naga barding {god gift}
 53891 | Spider:4 | Got a gossamer rune of Zot
 54143 | D:11     | Identified the +0 naga barding of the Orcish Mines {rN+} (Okawaru gifted it to you on level 4 of the Spider Nest)
 54174 | D:11     | Learned a level 6 spell: Hydra Form
 54217 | Shoals:1 | Entered Level 1 of the Shoals
 55045 | Shoals:1 | Got a faintly glowing chain mail
 56723 | D:9      | Identified the +2 chain mail of Juoxo {rCorr Int+3} (You found it on level 1 of the Shoals)
 56809 | Elf:3    | Entered Level 3 of the Elven Halls
 57141 | Elf:3    | Found Lohar's Magic Scroll Shoppe.
 57156 | Elf:3    | Bought a scroll of identify for 36 gold pieces
 57156 | Elf:3    | Bought a scroll of acquirement for 936 gold pieces
 57156 | Elf:3    | Bought 2 scrolls of summoning for 342 gold pieces
 57234 | Elf:3    | Received a gift from Okawaru
 57275 | Elf:3    | Reached XP level 19. HP: 75/183 MP: 20/26
 58234 | Elf:3    | Reached skill level 19 in Unarmed Combat
 58349 | Elf:3    | Received a gift from Okawaru
 58352 | Elf:3    | Got a steaming chain mail {god gift}
 58404 | Elf:3    | Noticed a Hell Sentinel
 58836 | Elf:3    | Reached skill level 15 in Fighting
 59232 | Elf:3    | Received a gift from Okawaru
 59542 | Elf:3    | Got an ancient amber ring
 59606 | Elf:3    | Identified the +8 chain mail of Mysticism {MR+ rCorr} (Okawaru gifted it to you on level 3 of the Elven Halls)
 59763 | Elf:3    | Identified the ring of Uskayaw's Delight {*Corrode rElec rF+++ rC+ Stlth-} (You took it off a deep elf annihilator on level 3 of the Elven Halls)
 60046 | Elf:3    | Bought a scroll of teleportation for 54 gold pieces
 60046 | Elf:3    | Bought a scroll of identify for 36 gold pieces
 60046 | Elf:3    | Bought a scroll of immolation for 63 gold pieces
 60194 | Orc:2    | Bought a wand of acid (11) for 300 gold pieces
 60555 | Depths:1 | Entered Level 1 of the Depths
 60628 | Depths:1 | Got a pair of faintly humming gloves
 60887 | Depths:1 | Identified the +1 pair of gloves "Ipreox" {Str+3} (You found it on level 1 of the Depths)
 61102 | Vaults:1 | Entered Level 1 of the Vaults
 61733 | Vaults:1 | Reached XP level 20. HP: 171/196 MP: 25/28
 62032 | Vaults:1 | Got a turquoise-studded leather armour
 62065 | Vaults:1 | Identified the cursed +1 leather armour of the Tormentor {-Cast rElec Int+8 Dex+3} (You found it on level 1 of the Vaults)
 63413 | Vaults:2 | Found Ampik's Gadget Boutique.
 63510 | Vaults:2 | Found Aruz's Armour Emporium.
 63577 | Vaults:2 | Found a flickering gateway to a bazaar.
 63907 | Vaults:2 | Reached skill level 20 in Unarmed Combat
 64033 | Vaults:2 | Found Cutiyrorch's Jewellery Shop.
 64034 | Vaults:2 | Found a staircase to the Crypt.
 64224 | Vaults:2 | Found Vaas's Antique Weapon Shop.
 64459 | Vaults:2 | Noticed Bai Suzhen
 64470 | Vaults:2 | Killed Bai Suzhen
 64677 | Vaults:3 | Found a portal to a secret trove of treasure.
 64878 | Vaults:3 | Found Zekaehad's Distillery.
 64912 | Vaults:3 | Bought a potion of heal wounds for 75 gold pieces
 64912 | Vaults:3 | Bought a potion of agility for 60 gold pieces
 64912 | Vaults:3 | Bought a potion of agility for 60 gold pieces
 64912 | Vaults:3 | Bought a potion of haste for 150 gold pieces
 65063 | Vaults:3 | Received a gift from Okawaru
 66206 | Vaults:4 | Got faintly glowing swamp dragon scales
 66218 | Vaults:4 | Identified the +7 swamp dragon scales of the Disturbing Suns {rPois rC+ rCorr Stlth+} (You found it on level 4 of the Vaults)
 66231 | Vaults:4 | Received a gift from Okawaru
 66396 | Vaults:4 | Reached XP level 21. HP: 206/206 MP: 26/32
 67127 | Vaults:4 | Received a gift from Okawaru
 67179 | Vaults:4 | Reached skill level 21 in Unarmed Combat
 69152 | Depths:1 | Found a gateway to Hell.
 69451 | Depths:1 | Found a glowing golden altar of the Shining One.
 69529 | Depths:1 | Found a one-way gate leading to the halls of Pandemonium.
 69939 | Depths:1 | Received a gift from Okawaru
 69948 | Depths:1 | Got a pair of twisted gloves {god gift}
 70028 | Depths:1 | Identified the +0 pair of gloves "Xudy Zasen" {*Slow rF+ SInv} (Okawaru gifted it to you on level 1 of the Depths)
 71044 | Depths:2 | Found Paxof's Food Emporium.
 71082 | Depths:2 | Got a ripped robe
 71094 | Depths:2 | Identified the cursed +0 robe of Dogma {rC- rN+ Str+5} (You found it on level 2 of the Depths)
 71170 | Depths:2 | Found a gateway to a ziggurat.
 71243 | Depths:2 | Noticed Louise
 71266 | Depths:2 | Killed Louise
 71279 | Depths:2 | Found a one-way gate to the infinite horrors of the Abyss.
 72226 | Depths:3 | Noticed Jorgrun
 72236 | Depths:3 | Killed Jorgrun
 72236 | Depths:3 | Reached XP level 22. HP: 207/218 MP: 28/35
 72275 | Depths:3 | Reached skill level 5 in Invocations
 72696 | Depths:3 | Got a bound platinum ring
 72710 | Depths:3 | Identified the ring "Cocukk" {EV+4 Str+3 Int-2 Dex+6 Stlth-} (You found it on level 3 of the Depths)
 72776 | Depths:3 | Noticed Asterion
 72784 | Depths:3 | Killed Asterion
 72942 | Depths:3 | Noticed a golden dragon
 72950 | Depths:3 | Killed a golden dragon
 73460 | Depths:3 | Received a gift from Okawaru
 73461 | Depths:3 | Got a distressingly furry chain mail {god gift}
 73476 | Depths:3 | Identified the +7 chain mail "Agewee Xamoa" {Dex+4} (Okawaru gifted it to you on level 3 of the Depths)
 73991 | Depths:4 | Reached skill level 22 in Unarmed Combat
 76299 | Shoals:3 | Received a gift from Okawaru
 77383 | Shoals:4 | Entered Level 4 of the Shoals
 77424 | Shoals:4 | Noticed Ilsuiw
 77472 | Shoals:4 | Killed Ilsuiw
 78463 | Shoals:4 | Reached XP level 23. HP: 172/228 MP: 30/36
 79185 | Shoals:4 | Got a barnacled rune of Zot
 80320 | Slime:1  | Entered Level 1 of the Pits of Slime
 80882 | Slime:3  | Noticed Dissolution
 81239 | Slime:1  | Gained mutation: You are robust. (+10% HP) [a shining eye]
 81240 | Slime:1  | Gained mutation: You are clumsy. (Dex -2) [a shining eye]
 81358 | Slime:2  | Received a gift from Okawaru
 81418 | Slime:2  | Gained mutation: You are dopey. (Int -2) [a shining eye]
 81606 | Slime:3  | Paralysed by a floating eye for 3 turns
 81617 | Slime:2  | Killed Dissolution
 81881 | Slime:3  | Paralysed by a floating eye for 4 turns
 82009 | Slime:4  | Paralysed by a floating eye for 2 turns
 82014 | Slime:4  | Paralysed by a floating eye for 3 turns
 82645 | Slime:5  | Entered Level 5 of the Pits of Slime
 82666 | Slime:5  | Noticed the Royal Jelly
 82703 | Slime:4  | Gained mutation: You are occasionally teleported next to monsters. [a shining eye]
 82709 | Slime:5  | Reached skill level 23 in Unarmed Combat
 82717 | Slime:5  | Gained mutation: You are very clumsy. (Dex -4) [a shining eye]
 82723 | Slime:5  | Gained mutation: You are partially covered in large bone plates. (SH +4) [a shining eye]
 82917 | Slime:5  | Lost mutation: You are dopey. (Int -2) [potion of mutation]
 82917 | Slime:5  | Lost mutation: You are robust. (+10% HP) [potion of mutation]
 82917 | Slime:5  | Gained mutation: You can exhale a cloud of poison. [potion of mutation]
 82917 | Slime:5  | Gained mutation: You have a pair of small horns on your head. [potion of mutation]
 82917 | Slime:5  | Gained mutation: Your tail ends in a poisonous barb. [potion of mutation]
 82926 | Slime:5  | Killed the Royal Jelly
 82926 | Slime:5  | Reached XP level 24. HP: 141/241 MP: 30/36
 83232 | Slime:4  | Lost mutation: You can exhale a cloud of poison. [potion of mutation]
 83232 | Slime:4  | Lost mutation: You are very clumsy. (Dex -4) [potion of mutation]
 83232 | Slime:4  | Gained mutation: You are sometimes teleported next to monsters. [potion of mutation]
 83233 | Slime:4  | Lost mutation: You are partially covered in large bone plates. (SH +4) [potion of mutation]
 83233 | Slime:4  | Lost mutation: You have a pair of small horns on your head. [potion of mutation]
 83233 | Slime:4  | Gained mutation: You passively map a small area around you. [potion of mutation]
 83233 | Slime:4  | Gained mutation: You are resistant to electric shocks. (rElec) [potion of mutation]
 83340 | Slime:5  | Paralysed by a floating eye for 2 turns
 83346 | Slime:5  | Gained mutation: You are weak. (Str -2) [a shining eye]
 83362 | Slime:5  | Gained mutation: You are very clumsy. (Dex -4) [a shining eye]
 83364 | Slime:5  | Gained mutation: You are dopey. (Int -2) [a shining eye]
 83367 | Slime:5  | Lost mutation: You are dopey. (Int -2) [a shining eye]
 83373 | Slime:5  | Gained mutation: Your body sometimes deteriorates upon taking damage. [a shining eye]
 83377 | Slime:5  | Gained mutation: You are frail. (-10% HP) [a shining eye]
 83381 | Slime:5  | Gained mutation: You can translocate small distances at will. [a shining eye]
 83417 | Slime:5  | Identified the Tome of Snow
 83514 | Slime:5  | Got a slimy rune of Zot
 84155 | Vaults:3 | Bought a potion of mutation for 120 gold pieces
 84156 | Vaults:3 | Lost mutation: Your tail ends in a poisonous barb. [potion of mutation]
 84156 | Vaults:3 | Lost mutation: You are very clumsy. (Dex -4) [potion of mutation]
 84156 | Vaults:3 | Lost mutation: You passively map a small area around you. [potion of mutation]
 84156 | Vaults:3 | Gained mutation: You are resistant to hostile enchantments. (MR+) [potion of mutation]
 84451 | Depths:4 | Noticed a caustic shrike
 84459 | Depths:4 | Killed a caustic shrike
 84530 | Depths:4 | Noticed a juggernaut
 84551 | Depths:4 | Killed a juggernaut
 84562 | Depths:4 | Noticed a juggernaut
 84568 | Depths:4 | Killed a juggernaut
 84789 | Depths:4 | Found the +0 sword of Power
 84831 | Depths:4 | Received a gift from Okawaru
 84952 | Depths:4 | Noticed a juggernaut
 84967 | Depths:4 | Killed a juggernaut
 85159 | Depths:4 | Received a gift from Okawaru
 85830 | Depths:4 | Identified the Tome of the Gliding Oath (You acquired it on level 4 of the Depths)
 86119 | Depths:4 | Learned a level 5 spell: Yara's Violent Unravelling
 86123 | Depths:4 | Learned a level 3 spell: Lesser Beckoning
 86126 | Depths:4 | Learned a level 2 spell: Swiftness
 86178 | Depths:5 | Entered Level 5 of the Depths
 86190 | Depths:5 | Reached XP level 25. HP: 209/228 MP: 26/36
 86348 | Depths:5 | HP: 10/296 [acid (8)]
 86349 | Depths:5 | Mangled by a caustic shrike

Vault maps used:
D:1:      evilmike_arrival_run_for_it
D:2:      lemuel_crystal_altar
D:3:      kiku_gazebo_pond_becter, first_ration, grunt_nemelex_the_gamble
D:4:      minmay_temple_entry_overgrown
D:5:      nicolae_dithmenos_the_darkroom, lemuel_crystal_altar, serial_shops,
          nicolae_shop_behind_doors, skrybe_limestone_x, uniq_ijyb, uniq_pikel,
          uniq_edmund
D:6:      fedhas_altar_fruit_tree, lemuel_doored_altar,
          nicolae_overflow_hidden_temple, uniq_duvessa
D:7:      basic_altar, minmay_misc_feat_secret_circle, grunt_livestock,
          david_defended_altar_elf
D:8:      kennysheep_mini_moat, uniq_joseph
D:9:      orc_0_dummy, uniq_maurice
D:10:     basic_altar, minmay_nine_imps, uniq_fannar
D:11:     david_lair_shrubbed, onia_ninara_cookie
D:12:     serial_ice, serial_ice_g, serial_ice_d, serial_ice_h, serial_ice_o,
          portal_ice_cave_entry_ice_beasts, basic_altar
D:13:     minmay_misc_feat_chi
D:14:     grunt_vaults_entry_tiered, serial_bayou_pond_a, eino_tiny_chamber,
          uniq_frances
D:15:     grunt_enter_depths_hoard, hangedman_decor_opposing,
          corexii_corridor_pit
Temple:   nicolae_temple_hex_pool
Lair:1:   grunt_megastairs_3
Lair:2:   elwin_shoals_entry_rocks
Lair:3:   dummy_spider_entry
Lair:5:   lab_entry_generic
Lair:6:   hangedman_lair_caniforms_friends, guppyfry_lair_end_dragon,
          slime_altar_2, infiniplex_staircase_pool_2, uniq_kirke
Shoals:1: nicolae_shoals_water_shrine
Shoals:3: nicolae_shoals_wave_tunnel
Shoals:4: shoals_end_grunt_garden, shoal_ilsuiw, nicolae_shoals_mertower
Spider:1: nicolae_spider_mines_3, hangedman_spider_tarantella_strand,
          uniq_josephine
Spider:4: spider_rune_water, special_room, nicolae_spider_cling_ruins
Slime:2:  nicolae_slime_jelly_donut, nicolae_slime_phagocytosis
Slime:3:  cheibrodos_slime_lost_civilization_6, uniq_dissolution
Slime:4:  cheibrodos_slime_lost_civilization_4
Orc:1:    serial_shops, nicolae_shop_temple_entry_statues_fountains,
          basic_altar, uniq_erica
Orc:2:    grunt_orc_community_town_hall, grunt_orc_community_big_house_2,
          grunt_orc_community_big_house_1, grunt_orc_community_house_1,
          grunt_orc_community_house_1, grunt_orc_community_house_2,
          grunt_orc_community_house_2, grunt_orc_community_house_1,
          grunt_orc_community_house_2
Elf:1:    eino_elf_arrival_sip, serial_shops, nicolae_shop_statue_plus,
          minmay_elf_crystal_heptagon
Elf:2:    minivault_19
Elf:3:    grunt_elf_hall_diamonds, serial_shops, nicolae_shop_statue_plus,
          guppyfry_library_mini
Vaults:1: v_misc_23, nicolae_vaults_three_branches, v_misc_16,
          nicolae_vaults_circle_grid_a, v_misc_9, ontoclasm_vaults_pinch,
          nicolae_vaults_ring_of_whatevers, nicolae_vaults_little_squares_4,
          vaults_room_hallway, vaults_room_pool
Vaults:2: v_misc_19, v_misc_3, nicolae_vaults_theta, v_misc_2,
          vaults_dpeg_spiral, vaults_room_ringed_pool, ontoclasm_vaults_bender,
          ontoclasm_vaults_ring_small, nicolae_vaults_bisected_exclaves,
          v_misc_15, vaults_mumra_minichess_inversion,
          vaults_standard_mumra_enter_the_diamond, vaults_room_fours,
          nicolae_vaults_shelves_hall, nicolae_vaults_little_squares_3,
          serial_shops, bzr_entry_dummy, nicolae_shop_window_shopping, shop,
          shop, nicolae_shop_behind_doors, uniq_bai_suzhen
Vaults:3: v_misc_2, vaults_room_octagon, stair_cage_open,
          nicolae_vaults_alarming, nicolae_vaults_angled_halls,
          nicolae_vaults_windows_and_doors_thing, nicolae_vaults_little_ls,
          ontoclasm_vaults_ring_large, enter_trove_1, serial_shops,
          nicolae_shop_statue_plus
Vaults:4: vaults_room_large_hall, vaults_room_pool, v_rooms_6,
          vaults_room_hallway, nicolae_vaults_ring_of_whatevers,
          vaults_room_grunt_arrival_ludios, v_misc_1, v_misc_28, v_misc_12,
          vaults_room_boxed, nicolae_vaults_angled_halls,
          nicolae_vaults_angled_halls
Depths:1: grunt_pan_entry_in_and_out, lemuel_statue_altar,
          grunt_hell_entry_dis_old, minmay_misc_feat_alley,
          minmay_item_behind_shaft, minmay_holes, corexii_hall_statues_deadend,
          tso_metal_star
Depths:2: kennysheep_cluttered_fort, enter_ziggurat_b, grunt_pan_entry_zigzag,
          nicolae_abyss_entry_one_way_or_another, hell_entry, serial_shops,
          shop, minmay_misc_feat_tower, infiniplex_staircase_trident
Depths:3: minmay_containers, abyss_entry_small_statue_room, hell_entry,
          serial_sigils_hangedman_carve, pan_entry,
          hangedman_abyss_or_decor_clamps, infiniplex_staircase_river,
          uniq_jorgrun, uniq_asterion
Depths:4: hangedman_pleasuredromes, hell_entry, abyss_entry
Depths:5: evilmike_zot_entry_round, serial_bayou_shore_b, hell_entry,
          grunt_ministairs_8, spider_trap, uniq_mennas, uniq_margery,
          uniq_saint_roka
Lab:      labyrinth_spiral
IceCv:    ice_cave_small_giant

Skill      XL: |  1  2  3  4  5  6  7  8  9 10 11 12 13 14 15 16 17 18 19 20 21 22 23 24 |
---------------+-------------------------------------------------------------------------+-----
Stealth        | 1 2 3 4 6 8 9 |  9.0
Unarmed Combat | 4 5 6 7 8 10 11 12 13 14 15 17 18 19 20 21 22 23 | 23.8
Transmutations | 3 4 5 6 8 9 10 11 12 13 14 15 16 17 | 17.1
Invocations    | 3 4 7 8 |  8.1
Spellcasting   | 5 7 9 |  9.0
Shields        | 2 4 |  4.0
Fighting       | 2 6 7 9 10 11 12 13 14 15 16 17 18 19 20 | 20.7
Dodging        | 2 4 5 6 7 8 9 10 11 12 13 14 | 14.4
Translocations | 2 4 5 |  5.0
Hexes          | 2 4 |  4.0

Action                   |  1- 3 |  4- 6 |  7- 9 | 10-12 | 13-15 | 16-18 | 19-21 | 22-24 | 25-27 || total
-------------------------+-------+-------+-------+-------+-------+-------+-------+-------+-------++-------
Melee: Unarmed           |    96 |   183 |   254 |   804 |  1121 |  1279 |  1108 |  1210 |    16 ||  6071
       Punch             |       |       |       |     5 |    48 |    96 |   103 |   158 |     2 ||   412
       Constrict         |       |       |       |       |   171 |   263 |   194 |   191 |     1 ||   820
       Tailslap          |       |       |       |       |       |       |       |    18 |       ||    18
Throw: Stone             |       |     4 |       |     5 |     1 |       |       |       |       ||    10
 Cast: Spider Form       |       |     5 |    26 |    68 |    11 |    14 |     2 |       |       ||   126
       Blade Hands       |       |       |       |    20 |    61 |   129 |   109 |   107 |     1 ||   427
       Ice Form          |       |       |       |     1 |     8 |       |       |       |       ||     9
       Confusing Touch   |       |       |       |       |     6 |       |       |       |       ||     6
       Blink             |       |       |       |       |       |     1 |       |       |       ||     1
       Hydra Form        |       |       |       |       |       |     1 |     6 |     3 |     1 ||    11
Invok: Heroism           |       |       |     1 |    12 |     7 |    10 |    40 |    39 |     1 ||   110
       Finesse           |       |       |       |       |       |       |       |     3 |       ||     3
 Abil: Spit Poison       |    28 |    53 |    11 |    25 |     2 |       |       |       |       ||   119
Evoke: Wand              |       |       |       |       |     9 |     6 |     2 |     6 |       ||    23
       Box of beasts     |       |       |       |       |     2 |       |       |       |       ||     2
       Sack of spiders   |       |       |       |       |       |     1 |       |       |       ||     1
       Fan of gales      |       |       |       |       |       |     1 |       |       |       ||     1
       Phial of floods   |       |       |       |       |       |       |     1 |     1 |       ||     2
  Use: Scroll            |       |    10 |     1 |     8 |    15 |    19 |    20 |    18 |       ||    91
       Potion            |       |       |       |     6 |     3 |     9 |     1 |    13 |     3 ||    35
 Stab: Sleeping          |       |     1 |     3 |    10 |    16 |    12 |     2 |     2 |       ||    46
       Distracted        |       |       |     1 |     2 |     2 |       |       |     2 |       ||     7
       Confused          |       |       |       |       |     6 |       |       |       |       ||     6
       Held in net/web   |       |       |       |       |       |     1 |       |       |       ||     1
  Eat: Chunk             |     2 |    12 |    10 |    30 |    44 |    47 |    49 |    41 |       ||   235
       Ration            |       |     1 |     1 |     5 |     6 |    12 |     8 |     6 |       ||    39
Armor: Ring mail         |    15 |     3 |       |       |     7 |   690 |    58 |       |       ||   773
       Robe              |     2 |     5 |     8 |     2 |       |       |       |       |       ||    17
       Leather armour    |       |    25 |       |       |   309 |   140 |       |       |       ||   474
       Skin              |       |       |    12 |    40 |    40 |     9 |     5 |     4 |       ||   110
       Scale mail        |       |       |       |    87 |   165 |       |       |       |       ||   252
       Chain mail        |       |       |       |       |       |       |   289 |   284 |       ||   573
       Swamp dragon scal |       |       |       |       |       |       |   223 |   310 |    17 ||   550
Dodge: Dodged            |    28 |    69 |   166 |   677 |   636 |   963 |   464 |  1027 |    53 ||  4083
Block: Buckler           |    13 |    14 |       |    15 |    74 |    69 |    20 |    32 |     2 ||   239
       Reflection        |       |       |       |       |       |       |       |    10 |       ||    10
       Other             |       |       |       |       |       |       |       |     5 |       ||     5

Table legend:
 A = Spawn XP
 B = Non-spawn XP
 C = Spawn XP percentage of total XP
 D = Spawn monster count
 E = Non-spawn monster count
 F = Spawn count percentage of total count
 G = Total turns spent on level
                    A         B        C        D         E        F      G
               +---------+---------+-------+---------+---------+-------+---------
         Total |       0 |  970572 |   0.0 |       0 |    2114 |   0.0 | 86349
               +---------+---------+-------+---------+---------+-------+---------
           D:1 |       0 |      68 |   0.0 |       0 |      34 |   0.0 |  1155
           D:2 |       0 |     119 |   0.0 |       0 |      22 |   0.0 |  1330
           D:3 |       0 |      91 |   0.0 |       0 |      27 |   0.0 |  1732
           D:4 |       0 |     447 |   0.0 |       0 |      22 |   0.0 |  1650
           D:5 |       0 |    1291 |   0.0 |       0 |      23 |   0.0 |  1824
           D:6 |       0 |     983 |   0.0 |       0 |      26 |   0.0 |  1052
           D:7 |       0 |    2403 |   0.0 |       0 |      24 |   0.0 |  1703
           D:8 |       0 |    1908 |   0.0 |       0 |      27 |   0.0 |  1982
           D:9 |       0 |    3228 |   0.0 |       0 |      51 |   0.0 |  3280
          D:10 |       0 |    7133 |   0.0 |       0 |      50 |   0.0 |  4094
          D:11 |       0 |    8096 |   0.0 |       0 |      58 |   0.0 |  3146
          D:12 |       0 |    9069 |   0.0 |       0 |      59 |   0.0 |  2435
          D:13 |       0 |   12051 |   0.0 |       0 |      49 |   0.0 |   961
          D:14 |       0 |   15371 |   0.0 |       0 |      50 |   0.0 |  1698
          D:15 |       0 |   10768 |   0.0 |       0 |      33 |   0.0 |  1204
        Temple |       0 |      14 |   0.0 |       0 |       1 |   0.0 |   536
        Lair:1 |       0 |    3570 |   0.0 |       0 |      16 |   0.0 |  1221
        Lair:2 |       0 |    5452 |   0.0 |       0 |      19 |   0.0 |  1750
        Lair:3 |       0 |    2928 |   0.0 |       0 |      14 |   0.0 |  1073
        Lair:4 |       0 |    4693 |   0.0 |       0 |      17 |   0.0 |  1297
        Lair:5 |       0 |    5144 |   0.0 |       0 |      18 |   0.0 |  1321
        Lair:6 |       0 |   28327 |   0.0 |       0 |     109 |   0.0 |  2003
      Shoals:1 |       0 |   20039 |   0.0 |       0 |      38 |   0.0 |  1919
      Shoals:2 |       0 |   26968 |   0.0 |       0 |      56 |   0.0 |  1529
      Shoals:3 |       0 |   27272 |   0.0 |       0 |      54 |   0.0 |  2795
      Shoals:4 |       0 |   41523 |   0.0 |       0 |      72 |   0.0 |   978
      Spider:1 |       0 |   15163 |   0.0 |       0 |      44 |   0.0 |  1259
      Spider:2 |       0 |   19630 |   0.0 |       0 |      52 |   0.0 |  1591
      Spider:3 |       0 |    9172 |   0.0 |       0 |      23 |   0.0 |  1684
      Spider:4 |       0 |   30818 |   0.0 |       0 |      96 |   0.0 |  2418
       Slime:1 |       0 |   25955 |   0.0 |       0 |      38 |   0.0 |   595
       Slime:2 |       0 |   25632 |   0.0 |       0 |      21 |   0.0 |   541
       Slime:3 |       0 |    7989 |   0.0 |       0 |       9 |   0.0 |   944
       Slime:4 |       0 |   11022 |   0.0 |       0 |      19 |   0.0 |   594
       Slime:5 |       0 |   38251 |   0.0 |       0 |      35 |   0.0 |   807
         Orc:1 |       0 |    4443 |   0.0 |       0 |      36 |   0.0 |  1128
         Orc:2 |       0 |   16250 |   0.0 |       0 |     103 |   0.0 |  2928
         Elf:1 |       0 |   22899 |   0.0 |       0 |      39 |   0.0 |  2024
         Elf:2 |       0 |   39100 |   0.0 |       0 |      49 |   0.0 |  2799
         Elf:3 |       0 |   68190 |   0.0 |       0 |      59 |   0.0 |  2894
      Vaults:1 |       0 |   33657 |   0.0 |       0 |      58 |   0.0 |  2398
      Vaults:2 |       0 |   27538 |   0.0 |       0 |      49 |   0.0 |  1424
      Vaults:3 |       0 |   24543 |   0.0 |       0 |      42 |   0.0 |  1150
      Vaults:4 |       0 |   68045 |   0.0 |       0 |     101 |   0.0 |  2995
      Depths:1 |       0 |   28168 |   0.0 |       0 |      49 |   0.0 |  2343
      Depths:2 |       0 |   25816 |   0.0 |       0 |      47 |   0.0 |  1410
      Depths:3 |       0 |   39173 |   0.0 |       0 |      31 |   0.0 |  2046
      Depths:4 |       0 |  131196 |   0.0 |       0 |      99 |   0.0 |  2046
      Depths:5 |       0 |    8032 |   0.0 |       0 |       9 |   0.0 |    64
           Lab |       0 |    1115 |   0.0 |       0 |       1 |   0.0 |   537
         IceCv |       0 |    9819 |   0.0 |       0 |      36 |   0.0 |  2062
               +---------+---------+-------+---------+---------+-------+---------
